 Dungeon Crawl Stone Soup version 0.30.1-11-g7821555f0a (webtiles) character file.

Game seed: 11854144725999424639

333 Nonny the Destroyer (level 6, -3/32 HPs)
             Began as a Tengu Conjurer on Oct 27, 2023.
             Slain by a river rat (7 damage)
             ... summoned by Eustachio
             ... on level 4 of the Dungeon.
             The game lasted 00:10:03 (3939 turns).

Nonny the Destroyer (Tengu Conjurer)                Turns: 3939, Time: 00:10:04

Health: -3/32      AC:  9    Str:  8    XL:     6   Next: 52%
Magic:  6/10       EV: 14    Int: 20    God:
Gold:   38         SH:  0    Dex: 12    Spells: 3/9 levels left

rFire   . . .        q - +2 dagger (protect)
rCold   . . .        (no shield)
rNeg    . . .        a - +0 robe
rPois   .            (helmet restricted)
rElec   .            (no cloak)
rCorr   .            (no gloves)
SInv    .            (boots unavailable)
Will    .....        (no amulet)
Stlth   ++           (no ring)
HPRegen 0.25/turn    (no ring)
MPRegen 0.12/turn

%: no passive effects
@: under a protective aura, flying quickly and evasively, quick
A: beak, talons 3, nimble flight
a: no special abilities


You were on level 4 of the Dungeon.
You visited 1 branch of the dungeon, and saw 5 of its levels.

You collected 94 gold pieces.
You spent 56 gold pieces at shops.

Inventory:

Hand Weapons
 q - a +2 dagger of protection (weapon)
Missiles
 l - 2 poisoned darts
Armour
 a - a +0 robe (worn)
Jewellery
 e - an amulet of magic regeneration
 p - a ring of ice
Scrolls
 c - a scroll of teleportation
 d - a scroll of identify
 k - 2 scrolls of noise
Potions
 b - a potion of magic
 f - 3 potions of might
 h - 2 potions of flight
 i - a potion of berserk rage
 o - a potion of lignification


   Skills:
 - Level 2.1 Dodging
 - Level 2.0 Stealth
 - Level 2.0 Spellcasting
 + Level 10.0 Conjurations


You had 3 spell levels left.
You knew the following spells:

 Your Spells              Type           Power      Damage    Failure   Level
a - Magic Dart            Conj           100%       1d8       1%          1
b - Searing Ray           Conj           84%        2d7       1%          2
c - Dazzling Flash        Conj/Hex       44%        N/A       6%          3

Your spell library contained the following spells:

 Spells                   Type           Power      Damage    Failure   Level
 Sublimation of Blood     Necr           2%         N/A       24%         2
 Fulminant Prism          Conj/Hex       11%        3d9       21%         4
 Iskenderun's Mystic Bla  Conj/Tloc      22%        2d6       21%         4
 Irradiate                Conj/Tmut      11%        3d15      50%         5
 Petrify                  Tmut/Erth      2%         N/A       83%         4


Dungeon Overview and Level Annotations

Branches:
Dungeon (5/15)
 Temple: D:4-7

Altars:
Ashenzari
Makhleb

Shops:
D:2 ?   D:4 !

Annotations:
D:4 Eustachio


Innate Abilities, Weirdness & Mutations

You have a beak for a mouth.
You have claws for feet.
Your magical nature lets you fly swiftly and evasively.


Message History

Aim: a hound (75% to hit)
The searing ray hits the hound.
The hound is lightly wounded. (Press . to maintain the ray.)
The hound bites you. The bat hits you. The hound bites you.
The river rat closely misses you. The rat completely misses you.
The bat barely misses you.
The searing ray hits the hound.
The hound is moderately wounded.
The searing ray hits the quokka!
You kill the quokka!
The bat misses you. The bat completely misses you. The hound bites you.
Eustachio mumbles some strange words.
Eustachio blinks!
The river rat closely misses you. The rat bites you.
The searing ray hits the hound!
You kill the hound!
The bat barely misses you. The river rat bites you. The bat misses you. x2
The rat closely misses you.
Your Conjurations skill increases to level 10!
Unknown command.
You hit the rat.
Your weapon exudes an aura of protection.
You kill the rat!
The rat's corpse disappears in a puff of smoke!
The bat barely misses you. The bat closely misses you. The bat hits you.
Eustachio hits you with a +4 rapier of flaming.
Eustachio burns you.
* * * LOW HITPOINT WARNING * * *
The river rat bites you.
* * * LOW HITPOINT WARNING * * *
You hit the bat. You claw the bat.
You kill the bat!
The bat's corpse disappears in a puff of smoke!
The bat barely misses you. Eustachio barely misses you.
The river rat bites you.
* * * LOW HITPOINT WARNING * * *
Unknown command.
Eustachio casts a spell.
Eustachio blinks!
The river rat bites you!
You die...

#.#....... ##.#.#####.
###<.#.......
#......#####.
#............
###########.........###
#.........#........##
#....§....#.[......####
#...§§@§...............
#....rb................
#.....§§≈≈≈≈≈≈≈≈.......
#.†...@≈†......≈.##....
#.(....≈.#####.≈.##....
#......≈.....#...##....
#......≈.#._.#.≈.##....
#......≈.#.....≈r......
######.≈.#####5≈.......


You could see Eustachio, a river rat (summoned) and a bat (summoned).

Vanquished Creatures
  A scorpion (D:4)
  2 hounds (D:4)
  A jelly (D:3)
  An iguana (D:4)
  An orc wizard (D:4)
  Robin (D:4)
  2 adders
  2 dart slugs
  8 orcs
  8 endoplasms
  6 giant cockroaches
  14 goblins
  4 hobgoblins
  3 jackals (D:1)
  4 quokkas
  8 ball pythons
  4 bats
  3 frilled lizards
  9 kobolds
  9 rats
91 creatures vanquished.

Notes
Turn   | Place    | Note
-------+----------+-------------------------------------------
     0 | D:1      | Nonny the Tengu Conjurer began the quest for the Orb.
     0 | D:1      | Reached XP level 1. HP: 10/10 MP: 4/4
    90 | D:1      | Reached XP level 2. HP: 15/15 MP: 1/6
    94 | D:1      | Learned a level 2 spell: Searing Ray
   180 | D:1      | Reached skill level 6 in Conjurations
   659 | D:1      | Reached XP level 3. HP: 19/19 MP: 4/7
   666 | D:1      | Learned a level 3 spell: Dazzling Flash
  1809 | D:2      | Reached skill level 7 in Conjurations
  2037 | D:2      | Reached XP level 4. HP: 20/24 MP: 6/8
  2090 | D:2      | Found Kitz's Magic Scroll Boutique.
  2097 | D:2      | Bought a scroll of identify for 26 gold pieces
  2895 | D:3      | Found a burning altar of Makhleb.
  2940 | D:3      | Reached skill level 8 in Conjurations
  2940 | D:3      | Gained mutation: Your magical nature lets you fly swiftly
                  | and evasively. [Tengu growth]
  2940 | D:3      | Reached XP level 5. HP: 28/28 MP: 4/9
  3348 | D:4      | Found Telihuog's Distillery.
  3352 | D:4      | Bought a potion of lignification for 30 gold pieces
  3453 | D:4      | Reached skill level 9 in Conjurations
  3461 | D:4      | Identified the +3 leather armour of Saruj {-Cast Dex+4
                  | SInv}
  3500 | D:4      | Reached XP level 6. HP: 8/32 MP: 1/10
  3623 | D:4      | Noticed Robin
  3678 | D:4      | Noticed Eustachio
  3682 | D:4      | Killed Robin
  3814 | D:4      | Found a broken altar of Ashenzari.
  3906 | D:5      | Entered Level 5 of the Dungeon
  3937 | D:4      | Reached skill level 10 in Conjurations
  3939 | D:4      | Slain by a river rat

Illustrated notes

Levels and vault maps discovered:
D:1:      erik_arrival_cave_to_civilisation [erik_arrival_cave_to_hall],
          layout_basic
D:2:      layout_loops_corners, serial_shops, shop
D:3:      layout_rooms, mainiacjoe_overflow_alcove_2
D:4:      cheibrodos_helix_gallery, layout_basic, mainiacjoe_overflow_brackets,
          serial_shops, shop, minmay_crystal_water, minmay_misc_feat_rows,
          uniq_robin, uniq_eustachio
D:5:      layout_basic

Skill      XL: |  1  2  3  4  5  6 |
---------------+-------------------+-----
Conjurations   | 6 7 8 9 10 | 10.0
Dodging        | |  2.1
Stealth        | |  2.0
Spellcasting   | |  2.0

Action                     |  1- 3 |  4- 6 || total
---------------------------+-------+-------++-------
  Melee: Dagger            |    26 |    66 ||    92
         Unarmed           |     2 |       ||     2
         Kick              |     6 |    14 ||    20
         Peck              |     3 |     7 ||    10
   Cast: Magic Dart        |    53 |    36 ||    89
         Searing Ray       |     2 |    12 ||    14
    Use: Scroll            |       |     7 ||     7
         Potion            |       |     2 ||     2
 Armour: Robe              |    10 |    22 ||    32
  Dodge: Dodged            |    33 |   101 ||   134
